 Dungeon Crawl Stone Soup version 0.29.0-4-gdea44cf6ec (webtiles) character file.

Game seed: 13938937554142582991

261 qw the Chopper (level 6, -6/35 HPs)
             Began as a Tengu Warper on Aug 28, 2022.
             Blown up by Ijyb (19 damage)
             ... with a mindburst bolt
             ... on level 4 of the Dungeon.
             The game lasted 00:00:21 (3439 turns).

qw the Chopper (Tengu Warper)                       Turns: 3439, Time: 00:00:22

Health: -6/35      AC: 15    Str: 13    XL:     6   Next: 18%
Magic:  10/10      EV:  5    Int: 13    God:
Gold:   166        SH:  0    Dex: 14    Spells: 9/9 levels left

rFire   . . .      SeeInvis .   Y - +0 war axe
rCold   + . .      Faith    .   (no shield)
rNeg    . . .      Spirit   .   c - +0 plate armour
rPois   .          Reflect  .   (helmet restricted)
rElec   .          Harm     .   o - +0 cloak
rCorr   .          Rampage  .   k - +2 pair of gloves
Will    .....                   (boots unavailable)
Stlth   ..........              g - amulet of the acrobat
HPRegen 0.11/turn               m - ring of protection from cold
MPRegen 0.12/turn               h - +4 ring of slaying {mikee}

@: flying quickly and evasively, quick
A: beak, talons 3, nimble flight
a: no special abilities


You were on level 4 of the Dungeon.
You visited 1 branch of the dungeon, and saw 4 of its levels.

You collected 166 gold pieces.


Innate Abilities, Weirdness & Mutations

You have a beak for a mouth.
You have claws for feet.
Your magical nature lets you fly swiftly and evasively.


   Skills:
 - Level 2.0 Fighting
 + Level 6.0 Axes
 - Level 1.0 Throwing
 - Level 3.3 Armour
 - Level 2.1 Dodging
 - Level 2.0 Spellcasting
 - Level 2.4 Translocations


You had 9 spell levels left.
You didn't know any spells.
Your spell library contained the following spells:

 Spells                   Type           Power      Damage    Failure   Level
 Blink                    Tloc           14%        N/A       100%        2
 Gell's Gravitas          Tloc           7%         N/A       100%        3
 Lesser Beckoning         Tloc           7%         N/A       100%        3
 Teleport Other           Tloc           7%         N/A       100%        3
 Manifold Assault         Tloc           7%         N/A       100%        5

Inventory:

Hand Weapons
 a - a +0 whip
 Y - a +0 war axe (weapon)
Missiles
 p - 2 javelins (quivered)
Armour
 c - a +0 plate armour (worn)
 k - a +2 pair of gloves (worn)
 o - a +0 cloak (worn)
Jewellery
 g - an amulet of the acrobat (around neck)
 h - a +4 ring of slaying (right hand) {mikee}
 j - a ring of fire
 m - a ring of protection from cold (left hand)
Scrolls
 l - 2 scrolls of amnesia {unknown}
 n - a scroll of identify
 q - 3 scrolls of magic mapping {unknown}
Potions
 d - a potion of curing
 e - a potion of ambrosia {unknown}
 f - a potion of brilliance {unknown}
 i - a potion of attraction {unknown}

Dungeon Overview and Level Annotations

Branches:
Dungeon (4/15)
 Temple: D:4-7

Altars:
Ashenzari
Vehumet

Annotations:
D:4 2 transporters, Ijyb


Message History

Ijyb hits you but does no damage.
You hit Ijyb.
Ijyb is moderately wounded.
Ijyb hits you but does no damage. Ijyb barely misses you.
You hit Ijyb but do no damage. You claw Ijyb, but do no damage.
Ijyb is moderately wounded.
Ijyb hits you but does no damage.
You hit Ijyb but do no damage. You claw Ijyb, but do no damage.
You peck Ijyb, but do no damage.
Ijyb is moderately wounded.
Ijyb zaps a wand.
Your mind is blasted!
You closely miss Ijyb. You claw Ijyb.
Ijyb is moderately wounded.
Ijyb zaps a wand.
Your mind is blasted!
3432 ||| DRINKING potion of heal wounds.
You feel much better.
Ijyb zaps a wand.
Your mind is blasted!
You hit Ijyb. Your kick misses Ijyb. Your peck misses Ijyb.
Ijyb is heavily wounded.
Ijyb zaps a wand.
Your mind is blasted!
You hit Ijyb. You claw Ijyb, but do no damage. You peck Ijyb.
Ijyb is severely wounded.
Ijyb barely misses you. Ijyb hits you but does no damage.
You hit Ijyb but do no damage. You claw Ijyb, but do no damage. You peck Ijyb.
Ijyb is severely wounded.
Ijyb zaps a wand.
You barely resist. You closely miss Ijyb.
Ijyb is severely wounded.
Ijyb barely misses you.
You hit Ijyb but do no damage. Your kick misses Ijyb.
Ijyb is severely wounded.
Ijyb hits you but does no damage.
You hit Ijyb but do no damage. You claw Ijyb.
Ijyb is almost dead.
Ijyb barely misses you.
You closely miss Ijyb. Your peck misses Ijyb.
Ijyb is almost dead.
Ijyb zaps a wand.
Your mind is blasted!
Ouch! That really hurt!
You die...

..####........##.# #".......##..
#........#### #.%......# #
#.#.###.####### ..............#
#.#.###.#####.# ###
#########.#.#.#.#####.# ##.####
#.....@g.....#.....(...
##.#...###.#####..........^###.#
##.##..........##.....#.#.#.###.#
..###...###.##.##.###...........#
##.###.## #.##.##.# ###.#.#.#####
..#.#.## #.......# #.....# ##
#.##.## ##.....%# ##...## #.
#.#### #.#.##.# #...# #.
#.##########.#....# #...# #.


You could see Ijyb.

Vanquished Creatures
  Blork the orc (D:4)
  A howler monkey (D:4)
  An iguana (D:4)
  An orc wizard (D:4)
  3 adders
  An ufetubus (D:4)
  3 worms
  A dart slug (D:1)
  4 orcs
  6 bats
  5 endoplasms
  4 giant cockroaches
  6 goblins
  4 hobgoblins
  4 quokkas (D:4)
  3 ball pythons
  5 frilled lizards
  6 kobolds
  6 rats
65 creatures vanquished.

Vanquished Creatures (others)
  2 plants (D:1)
2 creatures vanquished.

Grand Total: 67 creatures vanquished

Notes
Turn   | Place    | Note
-------+----------+-------------------------------------------
     0 | D:1      | qw the Tengu Warper began the quest for the Orb.
     0 | D:1      | Reached XP level 1. HP: 12/12 MP: 4/4
     0 | D:1      | 0 ||| qw: Version: 0.1-a-89-g26bdef1
     0 | D:1      | 0 ||| qw: Game counter: 470
     0 | D:1      | 0 ||| qw: Always use a shield: true
     0 | D:1      | 0 ||| qw: God list: Okawaru
     0 | D:1      | 0 ||| qw: Allow faded altars: false
     0 | D:1      | 0 ||| qw: Do Orc after D:15 true
     0 | D:1      | 0 ||| qw: Do second Lair branch before Depths: true
     0 | D:1      | 0 ||| qw: Lair rune preference: random
     0 | D:1      | 0 ||| qw: Plans: Normal
     0 | D:1      | 0 ||| PLANNING D:1-11
   145 | D:1      | 145 ||| Stepping ~*~*~tactically~*~*~ (stealth).
   146 | D:1      | 146 ||| Stepping ~*~*~tactically~*~*~ (stealth).
   160 | D:1      | 160 ||| Stepping ~*~*~tactically~*~*~ (stealth).
   163 | D:1      | 163 ||| Stepping ~*~*~tactically~*~*~ (stealth).
   172 | D:1      | Found a faded altar of an unknown god.
   215 | D:1      | Reached skill level 3 in Axes
   215 | D:1      | Reached XP level 2. HP: 17/17 MP: 6/6
   887 | D:1      | 887 ||| DROPPING scarf of invisibility.
   888 | D:1      | 888 ||| UPGRADING to +0 pair of gloves.
   893 | D:1      | 893 ||| UPGRADING to +0 chain mail.
   903 | D:1      | 903 ||| DROPPING +0 leather armour.
   904 | D:1      | 904 ||| UPGRADING to ring of protection from cold.
   905 | D:1      | 905 ||| READING scroll labelled PEOLEE GULAB.
   906 | D:1      | 906 ||| DROPPING scroll of blinking.
  1022 | D:2      | 1022 ||| DROPPING +0 club.
  1105 | D:2      | Reached XP level 3. HP: 18/21 MP: 7/7
  1161 | D:2      | Reached skill level 4 in Axes
  1649 | D:2      | 1649 ||| Stepping ~*~*~tactically~*~*~ (stealth).
  1651 | D:2      | 1651 ||| Stepping ~*~*~tactically~*~*~ (stealth).
  1733 | D:2      | Reached XP level 4. HP: 23/26 MP: 8/8
  2063 | D:2      | 2063 ||| UPGRADING to +0 plate armour.
  2073 | D:2      | 2073 ||| DROPPING +0 chain mail.
  2074 | D:2      | 2074 ||| UPGRADING to +4 ring of slaying {mikee}.
  2075 | D:2      | 2075 ||| READING scroll labelled ONYRUCR KYDUAFOI.
  2076 | D:2      | 2076 ||| READING scroll labelled MAHUAPUFOA.
  2077 | D:2      | 2077 ||| DRINKING 2 cyan potions.
  2078 | D:2      | 2078 ||| DROPPING potion of degeneration.
  2126 | D:3      | Found a broken altar of Ashenzari.
  2163 | D:3      | 2163 ||| Stepping ~*~*~tactically~*~*~ (stealth).
  2164 | D:3      | 2164 ||| Stepping ~*~*~tactically~*~*~ (stealth).
  2175 | D:3      | Found a radiant altar of Vehumet.
  2572 | D:3      | 2572 ||| UPGRADING to +0 cloak.
  2577 | D:3      | 2577 ||| UPGRADING to amulet of the acrobat.
  2582 | D:3      | 2582 ||| READING scroll labelled KAYMME SUNICK.
  2583 | D:3      | 2583 ||| READING scroll labelled XOHEAG VOETO.
  2584 | D:3      | 2584 ||| READING 2 scrolls of identify.
  2584 | D:3      | 2584 ||| IDENTIFYING black potion
  2669 | D:4      | Found a transporter.
  2699 | D:4      | 2699 ||| Stepping ~*~*~tactically~*~*~ (stealth).
  2700 | D:4      | 2700 ||| Stepping ~*~*~tactically~*~*~ (stealth).
  2744 | D:4      | 2744 ||| Stepping ~*~*~tactically~*~*~ (stealth).
  2812 | D:4      | Found a transporter.
  2880 | D:4      | Noticed Blork the orc
  2881 | D:4      | 2881 ||| Stepping ~*~*~tactically~*~*~ (hiding).
  2883 | D:4      | 2883 ||| Stepping ~*~*~tactically~*~*~ (hiding).
  2889 | D:4      | Killed Blork the orc
  2890 | D:4      | Reached skill level 5 in Axes
  2890 | D:4      | Gained mutation: Your magical nature lets you fly swiftly
                  | and evasively. [Tengu growth]
  2890 | D:4      | Reached XP level 5. HP: 27/30 MP: 9/9
  2894 | D:4      | Reached skill level 6 in Axes
  3018 | D:4      | 3018 ||| SWAPPING to +0 war axe.
  3019 | D:4      | 3019 ||| DROPPING +1 hand axe.
  3053 | D:4      | 3053 ||| Stepping ~*~*~tactically~*~*~ (stealth).
  3062 | D:4      | 3062 ||| STAIRDANCE
  3065 | D:3      | 3065 ||| DROPPING ring of ice.
  3066 | D:3      | 3066 ||| READING 3 scrolls labelled JETHRA AMUEHE.
  3067 | D:3      | 3067 ||| READING 2 scrolls of enchant armour.
  3067 | D:3      | 3067 ||| ENCHANTING +0 pair of gloves.
  3068 | D:3      | 3068 ||| READING scroll of enchant armour.
  3068 | D:3      | 3068 ||| ENCHANTING +1 pair of gloves.
  3069 | D:3      | 3069 ||| DRINKING 2 ruby potions.
  3116 | D:4      | 3116 ||| Stepping ~*~*~tactically~*~*~ (hiding).
  3118 | D:4      | 3118 ||| Stepping ~*~*~tactically~*~*~ (hiding).
  3119 | D:4      | 3119 ||| Stepping ~*~*~tactically~*~*~ (hiding).
  3349 | D:4      | Reached skill level 3 in Armour
  3349 | D:4      | Reached XP level 6. HP: 35/35 MP: 10/10
  3418 | D:4      | Noticed Ijyb
  3431 | D:4      | HP: 2/35 [disintegration (12)]
  3432 | D:4      | 3432 ||| DRINKING potion of heal wounds.
  3439 | D:4      | Blown up by Ijyb

Levels and vault maps discovered:
D:1:      eino_arrival_druids_welcome, layout_loops_ring,
          hellmonk_ecumenical_altar_run_dry, minmay_pentomino_u2
D:2:      layout_basic, chequers_mini_garden
D:3:      layout_rooms, mainiacjoe_overflow_paths, fiery_altar_vehumet
D:4:      gammafunk_cloud_chamber, layout_loops_cross, uniq_blork_the_orc,
          uniq_ijyb

Skill      XL: |  1  2  3  4  5 |
---------------+----------------+-----
Axes           | 3 4 5 6 |  6.0
Armour         | 2 3 |  3.3
Fighting       | |  2.0
Throwing       | |  1.0
Dodging        | |  2.1
Spellcasting   | |  2.0
Translocations | |  2.4

Action                   |  1- 3 |  4- 6 || total
-------------------------+-------+-------++-------
Melee: Hand axe          |    73 |    42 ||   115
       Kick              |    15 |    15 ||    30
       Peck              |     7 |    15 ||    22
       War axe           |       |    28 ||    28
Throw: Boomerang         |     7 |       ||     7
       Javelin           |       |    10 ||    10
  Use: Scroll            |     1 |     8 ||     9
       Potion            |       |     3 ||     3
Armor: Leather armour    |     7 |       ||     7
       Chain mail        |    22 |     2 ||    24
       Plate armour      |       |    44 ||    44
Dodge: Dodged            |    15 |    10 ||    25

Table legend:
 A = Non-vault XP
 B = Vault XP
 C = Vault XP percentage of total XP
 D = Non-vault monster count
 E = Vault monster count
 F = Vault count percentage of total count
                 A         B        C        D         E       F
            +---------+---------+-------+---------+---------+-------
      Total |     277 |      96 |  25.7 |      62 |       3 |   4.6
            +---------+---------+-------+---------+---------+-------
        D:1 |      22 |       2 |   8.3 |      14 |       2 |  12.5
        D:2 |      59 |       0 |   0.0 |      19 |       0 |   0.0
        D:3 |      25 |       0 |   0.0 |      14 |       0 |   0.0
        D:4 |     171 |      94 |  35.5 |      15 |       1 |   6.2
            +---------+---------+-------+---------+---------+-------
